 Dungeon Crawl Stone Soup version 0.18-a0-1267-gff090c1 (webtiles) character file.

102 namelastname112 the Shooter (level 4, -7/38 HPs)
             Began as a Draconian Hunter on Feb 7, 2016.
             Killed by divine providence
             ... invoked by an orc priest
              (9 damage)
             ... on level 3 of the Dungeon.
             The game lasted 00:02:51 (2572 turns).

namelastname112 the Shooter (Draconian Hunter)      Turns: 2572, Time: 00:02:51

Health: -7/38      AC:  5    Str: 15    XL:     4   Next: 50%
Magic:  4/4        EV: 13    Int: 11    God:
Gold:   82         SH:  0    Dex: 12    Spells: 0 memorised, 3 levels left

rFire  . . .     SeeInvis .     b - +0 short sword
rCold  . . .     Gourm    .     (armour unavailable)
rNeg   . . .     Faith    .     (no shield)
rPois  .         Spirit   .     (helmet restricted)
rElec  .         Dismiss  .     (no cloak)
rCorr  +         Reflect  .     (no gloves)
SustAt .         Harm     .     (no boots)
MR     .....                    (no amulet)
Stlth  +.........               (no ring)
                                k - ring of resist corrosion

@: not resistant to hostile enchantments, very unstealthy
A: unfitting armour, cold-blooded, AC +5
a: no special abilities


You were on level 3 of the Dungeon.
You were not hungry.

You visited 1 branch of the dungeon, and saw 3 of its levels.

You collected 82 gold pieces.

Inventory:

Hand Weapons
 a - a +1 shortbow
 b - a +0 short sword (weapon)
Missiles
 c - 19 arrows
Jewellery
 e - an uncursed ring of fire
 k - a ring of resist corrosion (left hand)
Scrolls
 f - a scroll of teleportation {unknown}
 h - 3 scrolls of blinking {unknown}
 i - 3 scrolls of amnesia {unknown}
 j - a scroll of fog {unknown}
 m - 2 scrolls of fear {unknown}
 n - 2 scrolls of random uselessness {unknown}
 o - a scroll of remove curse {unknown}
 q - a scroll of noise {unknown}
 r - a scroll of recharging {unknown}
 s - 2 scrolls of identify {unknown}
 t - a scroll of enchant armour {unknown}
 w - a scroll of immolation {unknown}
Potions
 g - 3 potions of might {unknown}
 l - a potion of curing {unknown}
 u - a potion of experience {unknown}
 v - a potion of haste {unknown}
Comestibles
 d - 3 bread rations
 p - a slice of pizza


   Skills:
 + Level 3.3 Fighting
 * Level 4.3 Bows
 + Level 2.9 Dodging
 - Level 0.8 Stealth


You had 3 spell levels left.
You didn't know any spells.

Dungeon Overview and Level Annotations

Branches:
Dungeon (3/15)

Altars:
Dithmenos
Fedhas
Yredelemnul


Innate Abilities, Weirdness & Mutations

Your plain brown scales are hard (AC +5).
Your body does not fit into most forms of armour.
You are cold-blooded and may be slowed by cold attacks.


Message History

An orc comes into view. It is wielding a flail.
The orc shouts!
You hit the worm.
The worm is lightly wounded.
The orc moves out of view.
The worm bites you but does no damage. The orc priest closely misses you.
You barely miss the orc priest.
The orc priest invokes the aid of Beogh against you.
You barely resist. You hit the orc priest. You tail-slap the orc priest.
The orc priest is moderately wounded.
The worm bites you.
There are monsters nearby!
The orc priest mumbles some strange prayers to Beogh against you.
Something smites you!
* * * LOW HITPOINT WARNING * * *
The worm bites you but does no damage.
The orc priest invokes the aid of Beogh against you.
Something smites you!
You die...

. #.# ##. #.# +#
#..####.### #.# #.#
##.........# #.# #.#
...........#####.###.#####
§..........#.?........ ..#
.....oo........#.# #.# #.#
######....##.#.#.###.# #.#
#.o.@...#.......###..
#.w..##.#.#...).....#
#....##.#.#.#...###..
#....##.#.#.#.### #..
#.........#.#.# #§.
#....##.#.###.# #§§
........... ..# #§§
###.####..# ### #.. ..!


You could see a worm, an orc priest and 2 orcs.

Vanquished Creatures
  3 adders (D:2)
  3 worms (D:2)
  5 giant geckos
  A ball python (D:2)
  7 giant cockroaches
  4 goblins
  11 hobgoblins
  4 jackals (D:2)
  9 kobolds
  2 quokkas (D:3)
  2 bats
  3 giant newts
  3 rats
57 creatures vanquished.

Vanquished Creatures (others)
  A giant newt (D:3)
  A rat (D:3)
2 creatures vanquished.

Grand Total: 59 creatures vanquished

Notes
Turn   | Place    | Note
--------------------------------------------------------------
     0 | D:1      | namelastname112 the Draconian Hunter began the quest for the Orb.
     0 | D:1      | Reached XP level 1. HP: 17/17 MP: 1/1
   294 | D:1      | Reached XP level 2. HP: 20/25 MP: 2/2
   779 | D:2      | Reached skill level 4 in Bows
   790 | D:2      | Reached XP level 3. HP: 26/30 MP: 3/3
  1372 | D:2      | Reached XP level 4. HP: 25/38 MP: 4/4
  1769 | D:2      | Found a shadowy altar of Dithmenos.
  1885 | D:2      | Found a basalt altar of Yredelemnul.
  1890 | D:2      | Found a blossoming altar of Fedhas.
  2572 | D:3      | Killed from afar by an orc priest

Vault maps used:
D:1:      lemuel_arrival_lava_pool, serial_forest, infiniplex_forest_diagonal,
          infiniplex_forest_lined_corner, infiniplex_forest_clump_tiny,
          infiniplex_forest_straight_2, infiniplex_forest_lined_2,
          infiniplex_forest_diagonal, infiniplex_forest_lined_corner,
          infiniplex_forest_clump_diagonal, infiniplex_forest_straight_2,
          minmay_misc_feat_tiny
D:2:      lemuel_round_altar, amethyst_overflow_temple_binary
D:3:      grunt_temple_overflow_open, nicolae_overflow_hidden_temple,
          old_standard_altar, lemuel_round_altar, first_bread,
          grunt_ministairs_14, lemuel_flame_loot_1

Action                   |  1- 3 |  4- 6 || total
-------------------------+-------+-------++-------
Melee: Short sword       |   125 |    85 ||   210
 Fire: Shortbow          |     1 |    16 ||    17
  Eat: Chunk             |     1 |     1 ||     2
       Meat ration       |       |     1 ||     1
